 Dungeon Crawl Stone Soup version 0.31-a0-931-g7b59d4eb97 (webtiles) character file.

Game seed: 18021190280683552387

24032 lunkers the Black Belt (level 13, -6/102 HPs)
             Began as a Meteoran Shapeshifter on Oct 19, 2023.
             Was a High Priest of Wu Jian.
             Mangled by a spriggan rider
             ... wielding a +0 spear
              (10 damage)
             ... on level 5 of the Lair of Beasts.
             The game lasted 00:18:31 (4482 turns).

lunkers the Black Belt (Meteoran Shapeshifter)      Turns: 4482, Time: 00:18:31

Health: -6/102     AC: 28    Str: 16    XL:     13   Next: 74%
Magic:  14/14      EV:  9    Int: 13    God:    Wu Jian [*****.]
Gold:   1268       SH:  0    Dex: 24    Spells: 12/12 levels left

rFire   . .          .
                       - Unarmed
rCold   . . .        (shield currently unavailable)
rNeg    . . .        o - +6 chain mail of Houxa {Will+ Regen+ Stlth+}
rPois   .            n - +2 hat
rElec   +            w - +2 cloak
rCorr   .            (no gloves)
SInv    .            m - +1 pair of boots
Will    ++...        v - amulet of regeneration Stlth
                     h - +4 ring of protection
HPRegen 1.97/turn    u - ring "Inunt" {rElec Dex+6}
MPRegen 0.14/turn

%: no passive effects
@: about to teleport, flux-form, glowing
A: glow, contaminating, sense surroundings 2, otherworldly, glowing, explore
regen
a: Begin Untransformation, Renounce Religion, Wall Jump, Serpent's Lash,
Heavenly Storm


You were on level 5 of the Lair of Beasts.
You worshipped Wu Jian.
Wu Jian was extremely pleased with you.
You were something dangerously unstable.
You visited 3 branches of the dungeon, and saw 14 of its levels.
You also visited: Sewer.

You collected 1268 gold pieces.

Inventory:

Missiles
 A - a throwing net
Armour
 m - a +1 pair of boots (worn)
 n - a +2 hat (worn)
 o - the +6 chain mail of Houxa (worn) {Will+ Regen+ Stlth+}
   (You found it on level 3 of the Dungeon)

   Will+:     It increases your willpower.
   Regen+:    It increases your rate of health regeneration.
   Stlth+:    It makes you more stealthy.
 w - a +2 cloak (worn)
 B - the +6 ring mail of Death Resistance {rF- rC+ Str+5}
   (You found it on level 7 of the Dungeon)

   Str+5:     It affects your strength (+5).
   rF-:       It makes you vulnerable to fire.
   rC+:       It protects you from cold.
Jewellery
 h - a +4 ring of protection (left hand)
 j - a ring of wizardry
 u - the ring "Inunt" (right hand) {rElec Dex+6}
   (You took it off an orc on level 6 of the Dungeon)

   [ring of dexterity]

   Dex+6:     It affects your dexterity (+6).
   rElec:     It insulates you from electricity.
 v - an amulet of regeneration (around neck)
 C - a ring of positive energy
Talismans
 c - a beast talisman
 d - a flux talisman (active)
Wands
 k - a wand of light (2)
Scrolls
 a - 5 scrolls of enchant weapon
 g - 2 scrolls of teleportation
 i - 4 scrolls of fog
 q - a scroll of blinking
 s - a scroll of silence
 y - 2 scrolls of fear
 D - a scroll of poison
 G - a scroll of amnesia
Potions
 b - 2 potions of lignification
 e - 2 potions of curing
 f - a potion of enlightenment
 l - a potion of resistance
 p - a potion of cancellation {unknown}
 r - a potion of mutation {unknown}
 t - 2 potions of attraction
 z - 2 potions of brilliance {unknown}
 H - a potion of magic {unknown}
 I - a potion of heal wounds {unknown}
Miscellaneous
 E - a phantom mirror


   Skills:
 + Level 5.6 Fighting
 + Level 8.0 Armour
 - Level 2.1 Dodging
 * Level 19.0 Unarmed Combat
 + Level 13.1 Shapeshifting


You had 12 spell levels left.
You didn't know any spells.
Your spell library contained the following spells:

 Spells                   Type           Power      Damage    Failure   Level
 Freeze                   Ice            0%         1d3       95%         1
 Necrotise                Necr           0%         1d4       95%         1
 Sting                    Tmut/Pois      0%         1d3       95%         1
 Poisonous Vapours        Pois/Air       0%         N/A       99%         2
 Dazzling Flash           Conj/Hex       0%         N/A       100%        3
 Frozen Ramparts          Ice            0%         1d1       100%        3
 Hailstorm                Conj/Ice       0%         3d3       100%        3
 Tukima's Dance           Hex            0%         N/A       100%        3
 Vampiric Draining        Necr           0%         2d6       100%        3
 Dimensional Bullseye     Hex/Tloc       0%         N/A       100%        4
 Iskenderun's Mystic Bla  Conj/Tloc      0%         2d3       100%        4
 Olgreb's Toxic Radiance  Pois           0%         N/A       100%        4
 Passage of Golubria      Tloc           0%         N/A       100%        4
 Agony                    Necr           0%         N/A       100%        5
 Silence                  Hex/Air        0%         N/A       100%        5
 Yara's Violent Unravell  Hex/Tmut       0%         3d3       100%        5


Dungeon Overview and Level Annotations

Branches:
Dungeon (8/15) Zot: 1659   Temple (1/1) D:4 Zot: 576    Lair (5/5) D:8 Zot: 1931
  Slime (0/5) Lair:5        Sewer (visited)
  Swamp: Lair:2-3    Shoals: Lair:2-3     Snake: Lair:2-3    Spider: Lair:2-3

Altars:
Ashenzari
Dithmenos
Elyvilon
Fedhas
Gozag
Hepliaklqana
Kikubaaqudgha
Makhleb
Nemelex Xobeh
Okawaru
Qazlal
Ru
Sif Muna
Trog
Uskayaw
Wu Jian
Yredelemnul
Zin
The Shining One

Annotations:
Lair:4 1 transporter


Innate Abilities, Weirdness & Mutations

You are something dangerously unstable.
You glow with magical radiation, making you easy to see and hit.
Foes you strike become dangerously contaminated with magical radiation.
You are incapable of wielding weapons or throwing items.
You passively map the area around you.
You are easily found by Zot.
You glow in the dark.
You regain HP and MP as you explore.


Message History

The wolf barely misses you.
Unknown command.
You punch the spriggan!
You kill the spriggan!
The Council accepts your kill.
You feel very sick.
The black mamba bites you but does no damage.
A four-headed hydra comes into view.
The spriggan rider closely misses you. The wolf bites you but does no damage.
Your Armour skill increases to level 8!
You pummel the wolf!!
The wolf begins to glow.
The wolf is almost dead.
You feel very sick. The black mamba closely misses you.
The wolf bites you but does no damage. The wolf barely misses you.
The wolf bites you.
* * * LOW HITPOINT WARNING * * *
As you read the scroll of teleportation, it crumbles to dust.
You feel strangely unstable.
The sentinel's mark upon you fades away.
You feel very sick. The black mamba barely misses you.
The wolf closely misses you. The wolf bites you!
* * * LOW HITPOINT WARNING * * *
A wolf comes into view.
The hell rat closely misses you. The wolf bites you.
* * * LOW HITPOINT WARNING * * *
The spriggan rider hits you from afar with a +0 spear!
* * * LOW HITPOINT WARNING * * *
The black mamba barely misses you.
The hell rat bites you but does no damage.
The wolf closely misses you. The wolf barely misses you.
Unknown command.
You feel better. The wolf bites you but does no damage.
The black mamba bites you.
* * * LOW HITPOINT WARNING * * *
The hell rat bites you!
* * * LOW HITPOINT WARNING * * *
The wolf bites you but does no damage. The wolf barely misses you.
The spriggan rider hits you from afar with a +0 spear!
You die...

,,,,,* *.'#.#.......,,,,,,,*
,,,,** *#...........,,,,,,**
,,,,* *...........,,,,***
,,,,* *#.P#.......,,,,,*
,,,,* #...h...#..,,,,*♣♣♣
,,,,* *#i#...#...,****♣.[
*,,,** ##ih.......** ♣♣..
,,,,,* #Phhi.##♣♣♣* ♣♣♣...
,,,,,*******###hpSr..#
♣♣♣.....
,,,,,,*,*,,.#.†#rr..#♣♣
♣...♣♣♣.
,,,,,,,,,,..D........<♣
♣♣.♣♣♣ ♣♣
,,,,,,,,..............♣♣♣.♣♣
,,,,,,,,..............♣♣.♣♣
,,,,,,,,..............♣♣.♣♣
♣
,**,*,,*.P...###.....♣♣♣..♣
**♣ ******,*##.##* ##†.♣♣♣
♣..♣♣♣♣♣.. *** *** #...♣
♣♣♣.♣.....


You could see a four-headed hydra, a spriggan rider, a black mamba, 2 spriggans,
5 wolves and 3 hell rats.

Vanquished Creatures
  Gastronok (Lair:1)
  2 hydras (Lair:5)
  4 death yaks
  13 spriggans (Lair:5)
  2 skysharks
  7 elephants (Lair:5)
  A black mamba (Lair:5)
  6 cane toads
  2 rime drakes
  8 komodo dragons
  6 polar bears
  3 blink frogs (Lair:1)
  5 hornets
  9 yaks
  A wyvern (Lair:4)
  6 water moccasins
  A sky beast (D:7)
  8 black bears
  13 wolves (Lair:5)
  An ogre (D:5)
  4 boggarts (Lair:5)
  A centaur (D:8)
  A phantom (D:4)
  A kobold brigand (D:7)
  7 bullfrogs
  2 gnoll sergeants
  3 scorpions
  4 killer bees (D:7)
  3 gnoll boudas
  Crazy Yiuf (D:6)
  2 orc priests (D:5)
  3 hounds
  3 jellies
  Ijyb (D:5)
  2 iguanas
  4 orc wizards
  A hell rat (Lair:5)
  24 gnolls
  7 adders
  A shadow imp (D:5)
  2 worms (D:5)
  A dart slug (D:2)
  9 orcs
  13 bats
  9 endoplasms
  2 giant cockroaches
  5 goblins
  10 hobgoblins
  6 quokkas
  4 ball pythons
  16 kobolds
  A rat (D:2)
252 creatures vanquished.

Notes
Turn   | Place    | Note
-------+----------+-------------------------------------------
     0 | D:1      | lunkers the Meteoran Shapeshifter began the quest for the
                  | Orb.
     0 | D:1      | Reached XP level 1. HP: 16/16 MP: 2/2
    93 | D:1      | Reached skill level 4 in Unarmed Combat
    93 | D:1      | Reached XP level 2. HP: 11/23 MP: 3/3
   313 | D:2      | Reached XP level 3. HP: 14/28 MP: 4/4
   352 | D:2      | Reached XP level 4. HP: 14/35 MP: 5/5
   371 | D:2      | Reached skill level 5 in Unarmed Combat
   390 | D:2      | Found a faded altar of an unknown god.
   409 | D:2      | Prayed at the altar of an unknown god.
   409 | D:2      | Became a worshipper of the Wu Jian Council
   409 | D:2      | Reached * piety under Wu Jian
   562 | D:3      | Reached XP level 5. HP: 40/40 MP: 6/6
   615 | D:3      | Found a stormy altar of Qazlal.
   643 | D:3      | Identified the +6 chain mail of Houxa {Will+ Regen+ Stlth+}
   878 | D:4      | Reached ** piety under Wu Jian
   917 | D:4      | Found a staircase to the Ecumenical Temple.
   922 | D:4      | Noticed a phantom
   933 | D:4      | Killed a phantom
   934 | D:4      | Reached skill level 6 in Unarmed Combat
   934 | D:4      | Reached XP level 6. HP: 47/47 MP: 7/7
   938 | Temple   | Entered the Ecumenical Temple
   943 | Temple   | Identified a scroll of acquirement
   943 | Temple   | Acquired 525 gold pieces
   987 | D:4      | Reached skill level 5 in Shapeshifting
  1004 | D:4      | Reached skill level 7 in Unarmed Combat
  1286 | D:4      | Reached XP level 7. HP: 48/50 MP: 8/8
  1331 | D:4      | Identified the +1 robe of Supple Strength {-Tele Regen+
                  | rCorr Int-3}
  1366 | D:5      | Entered Level 5 of the Dungeon
  1409 | D:5      | Reached skill level 8 in Unarmed Combat
  1487 | D:5      | Noticed Ijyb
  1506 | D:5      | Killed Ijyb
  1560 | D:5      | Reached XP level 8. HP: 59/59 MP: 9/9
  1684 | D:5      | Found a glowing drain.
  1705 | Sewer    | Entered a sewer
  1708 | Sewer    | Reached *** piety under Wu Jian
  1729 | Sewer    | Reached skill level 9 in Unarmed Combat
  2041 | D:6      | Reached skill level 10 in Unarmed Combat
  2069 | D:6      | Gained mutation: You passively map the area around you.
                  | [Meteoran growth]
  2069 | D:6      | Reached XP level 9. HP: 28/64 MP: 10/10
  2137 | D:6      | Identified the ring "Inunt" {rElec Dex+6}
  2427 | D:6      | Found a runed translucent door.
  2428 | D:6      | Noticed Crazy Yiuf
  2439 | D:6      | Killed Crazy Yiuf
  2591 | D:7      | Reached skill level 11 in Unarmed Combat
  2802 | D:7      | Reached **** piety under Wu Jian
  2874 | D:8      | Reached skill level 12 in Unarmed Combat
  2879 | D:8      | Noticed a hornet
  2996 | D:7      | Reached XP level 10. HP: 66/71 MP: 11/11
  3047 | D:7      | Identified the +6 ring mail of Death Resistance {rF- rC+
                  | Str+5}
  3233 | D:8      | Noticed a komodo dragon
  3242 | D:8      | Killed a komodo dragon
  3243 | D:8      | Reached skill level 13 in Unarmed Combat
  3266 | D:8      | Found a staircase to the Lair.
  3304 | Lair:1   | Entered Level 1 of the Lair of Beasts
  3307 | Lair:1   | Noticed Gastronok
  3325 | Lair:1   | Killed Gastronok
  3326 | Lair:1   | Reached skill level 14 in Unarmed Combat
  3326 | Lair:1   | Reached skill level 10 in Shapeshifting
  3333 | Lair:1   | Reached XP level 11. HP: 77/77 MP: 12/12
  3370 | Lair:1   | Reached skill level 15 in Unarmed Combat
  3449 | Lair:1   | Reached skill level 1 in Armour
  3575 | Lair:2   | Noticed a death yak
  3575 | Lair:2   | Noticed a death yak
  3575 | Lair:2   | Noticed a death yak
  3575 | Lair:2   | Noticed a death yak
  3592 | Lair:1   | Killed a death yak
  3610 | Lair:1   | Killed a death yak
  3611 | Lair:1   | Reached skill level 16 in Unarmed Combat
  3630 | Lair:1   | Killed a death yak
  3642 | Lair:2   | Killed a death yak
  3673 | Lair:2   | Noticed a skyshark
  3676 | Lair:2   | Reached XP level 12. HP: 60/83 MP: 13/13
  3692 | Lair:2   | Killed a skyshark
  3711 | Lair:2   | Reached ***** piety under Wu Jian
  3723 | Lair:2   | Reached skill level 5 in Armour
  3777 | Lair:4   | Noticed a five-headed hydra
  3777 | Lair:4   | Found a transporter.
  3781 | Lair:4   | Reached skill level 17 in Unarmed Combat
  3781 | Lair:4   | Noticed a skyshark
  3782 | Lair:4   | You fall into a shaft and drop 1 floor!
  3782 | Lair:5   | Entered Level 5 of the Lair of Beasts
  3784 | Lair:5   | Noticed a spriggan rider
  3906 | Lair:5   | Noticed a skyshark
  3945 | Lair:5   | Noticed a death yak
  3945 | Lair:5   | Noticed a death yak
  3945 | Lair:5   | Noticed a death yak
  3945 | Lair:5   | Noticed a death yak
  3947 | Lair:5   | Noticed a death yak
  4006 | Lair:5   | Killed a skyshark
  4078 | Lair:5   | Killed a spriggan rider
  4079 | Lair:5   | Reached XP level 13. HP: 81/95 MP: 14/14
  4097 | Lair:5   | Reached skill level 18 in Unarmed Combat
  4140 | Lair:5   | Found a burning altar of Makhleb.
  4157 | Lair:5   | Noticed a six-headed hydra
  4178 | Lair:5   | Killed a six-headed hydra
  4268 | Lair:5   | Noticed a four-headed hydra
  4277 | Lair:5   | Killed a four-headed hydra
  4286 | Lair:5   | Reached skill level 5 in Fighting
  4347 | Lair:5   | Identified the +3 shortbow of Feima {freeze, rN+}
  4460 | Lair:5   | Reached skill level 19 in Unarmed Combat
  4479 | Lair:5   | Noticed a four-headed hydra
  4481 | Lair:5   | HP: 1/102 [spriggan rider/+0 spear (14)]
  4482 | Lair:5   | Mangled by a spriggan rider

Illustrated notes

Levels and vault maps discovered:
D:1:      giann_horns, layout_loops_cross
D:2:      layout_rooms, shapermc_ecumenical_altar_mp_vishouse, st_stairs_11
D:3:      cheibrodos_old_hovel, layout_basic, lemuel_doored_altar
D:4:      layout_loops_ring, minmay_temple_entry_antechambers,
          kennysheep_flooded_box, hangedman_decor_diamond_cutter,
          minmay_starry_boxes
D:5:      layout_loops_ring, cheibrodos_sewer_entry_bend, uniq_blork_the_orc,
          uniq_ijyb
D:6:      layout_loops_ring, minmay_microvault, uniq_crazy_yiuf_cottage
D:7:      layout_basic, guppyfry_early_elven_hall
D:8:      layout_basic, due_lair_maze_entry_diamond, minmay_puff
Temple:   nicolae_temple_two_arcs
Lair:1:   layout_regular_city, uniq_gastronok
Lair:2:   layout_cave_shapes, beast_lair_carwin_4, uniq_erica
Lair:3:   layout_gridlike, minmay_shoals_entry_hut, nicolae_snake_entry_squirm,
          basic_altar, uniq_amaemon, uniq_snorg
Lair:4:   gammafunk_cloud_chamber, layout_misc_corridors
Lair:5:   minmay_lair_end_enchanted_forest, layout_cellular_growth,
          minmay_slime_entry_oklob_enclosed, basic_altar,
          infiniplex_staircase_pool_2, grunt_megastairs_1, serial_bayou_shore_b

Skill      XL: |  1  2  3  4  5  6  7  8  9 10 11 12 13 |
---------------+----------------------------------------+-----
Unarmed Combat | 4 5 6 7 8 10 12 14 16 17 19 | 19.0
Shapeshifting  | 4 5 6 7 8 10 11 12 13 | 13.1
Armour         | 4 6 8 |  8.0
Fighting       | 3 5 |  5.6
Dodging        | |  2.1

Action                     |  1- 3 |  4- 6 |  7- 9 | 10-12 | 13-15 || total
---------------------------+-------+-------+-------+-------+-------++-------
  Melee: Unarmed           |    63 |   110 |   289 |   323 |   190 ||   975
         Punch             |     1 |     4 |    20 |     7 |       ||    32
Ability: Lunge             |       |     9 |    17 |    10 |     8 ||    44
         Whirlwind         |       |     1 |     2 |    11 |     3 ||    17
    Use: Scroll            |       |     8 |     7 |     3 |     3 ||    21
         Potion            |       |       |       |     2 |     1 ||     3
 Armour: Animal skin       |    45 |    22 |       |       |       ||    67
         Chain mail        |       |    43 |   240 |   317 |   234 ||   834
  Dodge: Dodged            |    63 |    50 |   110 |   118 |    82 ||   423
   Form: Flux              |       |       |       |     1 |       ||     1

Table legend: (Time is in decaauts)
 A = Elapsed time spent in this place.
 B = Non-inter-level travel time spent in this place.
 C = Inter-level travel time spent in this place.
 D = Time resting spent in this place.
 E = Time spent auto-exploring this place.
 F = Levels seen in this place.
 G = Mean time per level.
                   A        B        C        D        E       F      G
               +--------+--------+--------+--------+--------+-----+--------+
         Total |   4302 |   4066 |    236 |    100 |   2111 |  15 |  286.8 |
       Dungeon |   3140 |   2948 |    192 |    100 |   1722 |   8 |  392.5 |
        Temple |     23 |     23 |      0 |      0 |      0 |   1 |   23.0 |
          Lair |   1067 |   1023 |     44 |      0 |    346 |   5 |  213.4 |
         Sewer |     71 |     71 |      0 |      0 |     43 |   1 |   71.0 |
               +--------+--------+--------+--------+--------+-----+--------+

Top non-repeatable levels by time:
  Lair:5: 612 daAuts
     D:6: 557 daAuts
     D:7: 538 daAuts
     D:5: 484 daAuts
     D:4: 484 daAuts
     D:3: 318 daAuts
  Lair:1: 311 daAuts
     D:1: 285 daAuts
     D:2: 236 daAuts
     D:8: 235 daAuts
  Lair:2: 113 daAuts
   Sewer: 71 daAuts
  Lair:3: 26 daAuts
  Temple: 23 daAuts
  Lair:4: 3 daAuts
